 Dungeon Crawl Stone Soup version 0.21.1-1-g345015fe64 (webtiles) character file.

7497 JOKERXD40 the Cleaver (level 10, -25/135 HPs)
             Began as a Minotaur Berserker on June 26, 2018.
             Was a High Priest of Trog.
             Annihilated by an enormous slime creature (38 damage)
             ... on level 10 of the Dungeon.
             The game lasted 00:27:47 (7850 turns).

JOKERXD40 the Cleaver (Minotaur Berserker)          Turns: 7850, Time: 00:27:47

Health: -25/135    AC: 16    Str: 29    XL:     10   Next: 95%
Magic:  9/9        EV:  8    Int:  4    God:    Trog [*****.]
Gold:   460        SH: 14    Dex: 11    Spells: 9/9 levels left

rFire    . . .     SeeInvis .   G - +0 war axe
rCold    . . .     Gourm    .   u - +0 shield
rNeg     . . .     Faith    .   v - +0 plate armour
rPois    +         Spirit   .   (helmet restricted)
rElec    .         Reflect  +   o - +0 cloak
rCorr    .         Harm     .   w - +0 pair of gloves
MR       +....                  (no boots)
Stlth    ..........             g - +2 amulet of reflection
HPRegen  0.32/turn              x - ring of poison resistance
MPRegen  0.11/turn              k - ring of protection from magic

@: berserking, very quick
A: retaliatory headbutt, horns 2
a: Berserk, Trog's Hand, Brothers in Arms, Burn Spellbooks, Renounce Religion


You were on level 10 of the Dungeon.
You worshipped Trog.
Trog was extremely pleased with you.
You were very hungry.

You visited 1 branch of the dungeon, and saw 10 of its levels.
You also visited: Sewer.

You collected 460 gold pieces.

Inventory:

Hand Weapons
 G - a +0 war axe (weapon)
Armour
 o - a +0 cloak (worn)
 u - a +0 shield (worn)
 v - a +0 plate armour (worn)
 w - a +0 pair of gloves (worn)
Jewellery
 e - an uncursed ring of protection from fire
 g - a +2 amulet of reflection (around neck)
 k - a ring of protection from magic (right hand)
 x - a ring of poison resistance (left hand)
Wands
 y - a wand of acid (23)
 z - a wand of flame (31)
 A - a wand of iceblast (17)
 H - a wand of polymorph (22)
Scrolls
 b - 4 scrolls of magic mapping
 d - 4 scrolls of remove curse
 h - 3 scrolls of blinking
 l - 3 scrolls of fear
 m - a scroll of amnesia
 p - 5 scrolls of teleportation
 s - 4 scrolls of identify
 C - 3 scrolls of fog
 D - 2 scrolls of immolation {unknown}
 J - a scroll of enchant armour {unknown}
Potions
 a - a potion of resistance {unknown}
 f - 5 potions of curing
 j - a potion of heal wounds
 q - a potion of berserk rage {unknown}
 r - a potion of agility {unknown}
 t - 2 potions of brilliance
 B - 3 potions of haste
 E - 3 potions of magic
 F - a potion of might {unknown}
 K - a potion of lignification {unknown}
 L - a potion of flight {unknown}
Comestibles
 c - 8 rations


   Skills:
 + Level 8.6 Fighting
 + Level 13.9 Axes
 + Level 9.0 Armour
 + Level 3.7 Dodging
 + Level 0.7 Stealth
 + Level 7.9 Shields


You had 9 spell levels left.
You didn't know any spells.

Dungeon Overview and Level Annotations

Branches:
Dungeon (10/15)            Temple (0/1) D:7
   Lair: D:8-11         Orc: D:9-12

Altars:
Elyvilon
Gozag
Okawaru
Ru
Vehumet
Zin

Shops:
D:4 :}}%   D:7 ?*   D:9 (   D:10 =


Innate Abilities, Weirdness & Mutations

You reflexively headbutt those who attack you in melee.
You have a pair of horns on your head.


Message History

The enormous slime creature is lightly wounded.
The enormous slime creature hits you!!!
You are too injured to fight recklessly!
You are too injured to fight recklessly!
You are too injured to fight recklessly!
You are too injured to fight recklessly!
You are too injured to fight recklessly!
You are too injured to fight recklessly!
You are too injured to fight recklessly!
You are too injured to fight recklessly!
You are too injured to fight recklessly!
A red film seems to cover your vision as you go berserk!
You feel yourself moving faster!
You feel mighty!
You are feeling very hungry.
The enormous slime creature hits you!!!
* * * LOW HITPOINT WARNING * * *
You slice the enormous slime creature!!
The enormous slime creature is moderately wounded.
The enormous slime creature hits you!!!
You die...

####### ##.....
..... ... #J# #@#
#.# ##.#####
#......# #.#.##.#
##.#.##.#
........############
....................
....................


You could see an enormous slime creature.

Vanquished Creatures
  2 two-headed ogres (D:9)
  Pikel (D:4)
  Joseph (D:8)
  Psyche (D:9)
  Maurice (D:9)
  A troll (D:9)
  The ghost of Mesmodan the Magician, an amateur GnWz of Cheibriados (D:5)
  A hippogriff (D:10)
  A slime creature (D:10)
  Sigmund (D:2)
  A wyvern (D:10)
  3 orc warriors
  A slave (D:4)
  2 ice beasts (D:10)
  A sky beast (D:5)
  A phantom (D:10)
  3 ogres
  A centaur (D:8)
  A crocodile (D:10)
  4 big kobolds
  10 bullfrogs
  A wyvern zombie (D:10)
  The ghost of Kohma the Sneak, an amateur SpVM (D:3)
  3 scorpions
  6 killer bees (D:10)
  3 crimson imps
  2 bullfrog zombies (D:8)
  2 hounds
  9 orc priests
  2 jellies
  A bullfrog skeleton (D:5)
  An iguana (D:8)
  5 worker ants
  6 orc wizards
  A hound skeleton (D:9)
  A worker ant zombie (D:9)
  19 adders
  3 river rats (Sewer)
  A shadow imp (D:7)
  2 oozes
  2 adder skeletons
  4 worms
  5 dart slugs
  2 leopard geckos
  24 orcs
  14 ball pythons
  5 giant cockroaches
  9 hobgoblins
  4 jackals (D:3)
  29 kobolds
  6 quokkas
  8 bats
  11 frilled lizards
  8 goblins
  A jackal skeleton (D:9)
  A jackal zombie (D:8)
  A leopard gecko zombie (D:5)
  32 rats
274 creatures vanquished.

Vanquished Creatures (others)
  A centaur (D:9)
  An adder (D:4)
  2 jackals (D:4)
4 creatures vanquished.

Grand Total: 278 creatures vanquished

Notes
Turn   | Place    | Note
-------+----------+-------------------------------------------
     0 | D:1      | JOKERXD40 the Minotaur Berserker began the quest for the Orb.
     0 | D:1      | Reached XP level 1. HP: 19/19 MP: 0/0
    76 | D:1      | Reached skill level 4 in Axes
    78 | D:1      | Reached XP level 2. HP: 22/27 MP: 1/1
   373 | D:1      | Reached ** piety under Trog
   472 | D:1      | Reached XP level 3. HP: 33/33 MP: 2/2
   682 | D:2      | Found a sacrificial altar of Ru.
   827 | D:2      | Reached XP level 4. HP: 21/41 MP: 3/3
   921 | D:2      | Reached skill level 5 in Axes
   982 | D:2      | Found a faded altar of an unknown god.
  1047 | D:2      | Noticed Sigmund
  1055 | D:2      | Killed Sigmund
  1055 | D:2      | Reached skill level 5 in Fighting
  1055 | D:2      | Reached skill level 6 in Axes
  1055 | D:2      | Reached XP level 5. HP: 48/48 MP: 4/4
  1063 | D:2      | Found an opulent altar of Gozag.
  1121 | D:2      | Reached XP level 6. HP: 54/56 MP: 5/5
  1409 | D:3      | Found an iron altar of Okawaru.
  1413 | D:3      | Noticed Kohma's ghost (amateur SpVM)
  1420 | D:3      | Killed Kohma's ghost
  1574 | D:3      | Reached *** piety under Trog
  2105 | D:4      | Found Cititopt's Food Shoppe.
  2195 | D:4      | Found Eschaut's Gadget Shoppe.
  2246 | D:4      | Noticed Pikel
  2246 | D:4      | Noticed a slave
  2246 | D:4      | Noticed a slave
  2246 | D:4      | Noticed a slave
  2252 | D:4      | Noticed a slave
  2252 | D:4      | Killed a slave
  2262 | D:4      | Killed Pikel
  2262 | D:4      | Reached skill level 7 in Axes
  2262 | D:4      | Reached skill level 5 in Armour
  2262 | D:4      | Reached XP level 7. HP: 62/62 MP: 6/6
  2360 | D:4      | Found a white marble altar of Elyvilon.
  2524 | D:4      | Found Gamanir's Gadget Shop.
  2551 | D:4      | Found Acsoi's Book Emporium.
  2752 | D:4      | Reached skill level 8 in Axes
  2852 | D:5      | Entered Level 5 of the Dungeon
  2877 | D:5      | Reached XP level 8. HP: 70/70 MP: 7/7
  2879 | D:5      | Found a radiant altar of Vehumet.
  2959 | D:5      | Noticed Mesmodan's ghost (amateur GnWz)
  2989 | D:5      | Killed Mesmodan's ghost
  2998 | D:5      | Found a transporter.
  3007 | D:5      | Reached skill level 9 in Axes
  3009 | D:5      | Noticed a kobold demonologist
  3241 | D:5      | Found a transporter.
  3265 | D:5      | Noticed a sixfirhy
  3270 | D:5      | Noticed a red devil
  3860 | D:6      | Found a glowing drain.
  3881 | Sewer    | Entered a sewer
  3903 | Sewer    | Reached **** piety under Trog
  4122 | Sewer    | Reached ***** piety under Trog
  4909 | D:7      | Reached XP level 9. HP: 65/78 MP: 8/8
  4921 | D:7      | Reached skill level 5 in Shields
  4935 | D:7      | Found Fotocw's Magic Scroll Emporium.
  4945 | D:7      | Reached skill level 10 in Axes
  4977 | D:7      | Found Zin's Purification Station.
  4981 | D:7      | Found a glowing silver altar of Zin.
  5141 | D:7      | Found a staircase to the Ecumenical Temple.
  5324 | D:7      | Found a sacrificial altar of Ru.
  5913 | D:8      | Reached skill level 11 in Axes
  6017 | D:8      | Noticed Joseph
  6027 | D:8      | Killed Joseph
  6105 | D:8      | Received a gift from Trog
  6182 | D:9      | Noticed a two-headed ogre
  6183 | D:9      | Noticed Psyche
  6190 | D:9      | Noticed Maurice
  6191 | D:9      | Killed a two-headed ogre
  6191 | D:9      | Reached skill level 12 in Axes
  6191 | D:9      | Reached XP level 10. HP: 41/88 MP: 9/9
  6195 | D:9      | Killed Psyche
  6243 | D:9      | Found Xeqitar's Antique Weapon Shop.
  6364 | D:9      | Noticed a two-headed ogre
  6369 | D:9      | Killed a two-headed ogre
  6553 | D:9      | Killed Maurice
  6553 | D:9      | Reached skill level 13 in Axes
  7438 | D:10     | Entered Level 10 of the Dungeon
  7525 | D:10     | Found Deheh's Jewellery Boutique.
  7850 | D:10     | Annihilated by an enormous slime creature

Skill      XL: |  1  2  3  4  5  6  7  8  9 10 |
---------------+-------------------------------+-----
Axes           | 4 6 7 8 9 12 13 | 13.9
Fighting       | 4 5 6 8 |  8.6
Armour         | 3 4 5 6 7 9 |  9.0
Dodging        | 3 |  3.7
Shields        | 2 4 6 7 |  7.9
Stealth        | |  0.7

Action                   |  1- 3 |  4- 6 |  7- 9 | 10-12 || total
-------------------------+-------+-------+-------+-------++-------
Melee: Hand axe          |    82 |   121 |   243 |       ||   446
       Headbutt          |    14 |    23 |    71 |    32 ||   140
       War axe           |       |       |   169 |   156 ||   325
Invok: Berserk           |       |     4 |     7 |     5 ||    16
       Trog's Hand       |       |       |     3 |       ||     3
  Use: Scroll            |       |     4 |     9 |     1 ||    14
       Potion            |       |       |       |     1 ||     1
  Eat: Chunk             |       |     7 |    10 |     3 ||    20
       Ration            |       |       |     3 |     2 ||     5
Armor: Animal skin       |     4 |       |       |       ||     4
       Chain mail        |    36 |    46 |       |       ||    82
       Plate armour      |       |    25 |   197 |    67 ||   289
Dodge: Dodged            |    41 |    47 |    69 |    28 ||   185
Block: Other             |     1 |     6 |       |       ||     7
       Shield            |       |    24 |   202 |   109 ||   335
       Reflection        |       |       |     7 |     4 ||    11
